 Dungeon Crawl Stone Soup version 0.29.1-1-gd02db6906a (webtiles) character file.

Game seed: 8607708870769489638

1676 avis the Skirmisher (level 8, -5/66 HPs)
             Began as a Demigod Hunter on Sept 26, 2022.
             Slain by a yak (9 damage)
             ... on level 6 of the Dungeon.
             The game lasted 00:35:01 (7214 turns).

avis the Skirmisher (Demigod Hunter)                Turns: 7214, Time: 00:35:02

Health: -5/66      AC:  9    Str: 12    XL:     8   Next: 42%
Magic:  10/10      EV: 13    Int: 11    God:
Gold:   313        SH:  0    Dex: 25    Spells: 7/7 levels left

rFire   . . .      SeeInvis .   a - +0 shortbow
rCold   . . .      Faith    .   (shield currently unavailable)
rNeg    . . .      Spirit   .   I - +3 leather armour
rPois   .          Reflect  .   (no helmet)
rElec   .          Harm     .   i - +0 cloak
rCorr   .          Rampage  .   v - +0 pair of gloves
Will    .....                   e - +0 pair of boots
Stlth   +++.......              (no amulet)
HPRegen 0.21/turn               (no ring)
MPRegen 0.12/turn               (no ring)

@: no status effects
A: high MP 1, forlorn, divine attributes
a: no special abilities


You were on level 6 of the Dungeon.
You visited 2 branches of the dungeon, and saw 7 of its levels.

You collected 313 gold pieces.

Inventory:

Hand Weapons
 a - a +0 shortbow (weapon)
 b - a +0 falchion
 o - a +1 hand axe of freezing
 p - a +0 sling
 y - a +1 dagger of holy wrath
 E - a +0 vorpal trident
 H - a +1 whip of flaming
Armour
 e - a +0 pair of boots (worn)
 h - a +0 kite shield
 i - a +0 cloak (worn)
 u - a +0 buckler
 v - a +0 pair of gloves (worn)
 I - a +3 leather armour (worn)
Jewellery
 w - a ring of fire
Wands
 D - a wand of mindburst (22)
Scrolls
 c - a scroll of enchant armour {unknown}
 f - a scroll of immolation
 g - a scroll of identify
 j - 2 scrolls of butterflies {unknown}
 k - a scroll of vulnerability {unknown}
 l - a scroll of blinking {unknown}
 m - a scroll of poison {unknown}
 n - 2 scrolls of fear {unknown}
 q - a scroll of silence {unknown}
 r - 3 scrolls of teleportation
 s - a scroll of torment {unknown}
 t - a scroll of acquirement {unknown}
 x - a scroll of enchant weapon {unknown}
Potions
 d - 2 potions of brilliance
 z - a potion of resistance
 B - 3 potions of attraction
 C - a potion of might
 F - a potion of heal wounds {unknown}
 G - a potion of degeneration {unknown}


   Skills:
 - Level 4.0 Fighting
 * Level 9.5 Ranged Weapons
 - Level 3.0 Dodging
 - Level 3.0 Stealth


You had 7 spell levels left.
You didn't know any spells.
Your spell library was empty.

Dungeon Overview and Level Annotations

Branches:
Dungeon (6/15)             Temple (1/1) D:4


Innate Abilities, Weirdness & Mutations

You have an increased reservoir of magic. (+10% MP)
You shall have no god before yourself.
Your divine heritage dramatically boosts your attributes as you level up.


Message History

Press: ? - help, Q - select action, (/) - cycle Shift-Dir - straight line, f/p - yak
Aim: a yak (78% to hit)
You shoot an arrow.
The arrow hits the yak but does no damage.
The yak closely misses you.
Fire: a) +0 shortbow
Press: ? - help, Q - select action, (/) - cycle Shift-Dir - straight line, f/p - yak
Aim: a yak (78% to hit)
You shoot an arrow. The arrow hits the yak!
The yak is moderately wounded.
The yak gores you!
* * * LOW HITPOINT WARNING * * *
You feel better. The yak gores you.
* * * LOW HITPOINT WARNING * * *
You feel better. The yak gores you!
* * * LOW HITPOINT WARNING * * *
You feel better. The yak gores you.
Fire: a) +0 shortbow
Press: ? - help, Q - select action, (/) - cycle Shift-Dir - straight line, f/p - yak
Aim: a yak (moderately wounded, 78% to hit)
You shoot an arrow. The arrow hits the yak!
The yak is heavily wounded.
The yak gores you!
* * * LOW HITPOINT WARNING * * *
Fire: a) +0 shortbow
Press: ? - help, Q - select action, (/) - cycle Shift-Dir - straight line, f/p - yak
Aim: a yak (heavily wounded, 78% to hit)
You shoot an arrow.
The arrow hits the yak but does no damage.
The yak is heavily wounded.
The yak gores you but does no damage.
Fire: a) +0 shortbow
Press: ? - help, Q - select action, (/) - cycle Shift-Dir - straight line, f/p - yak
Aim: a yak (heavily wounded, 78% to hit)
You shoot an arrow. The arrow barely misses the yak.
The arrow hits the yak!
The yak is moderately wounded.
The yak gores you!
* * * LOW HITPOINT WARNING * * *
The yak attacks as you move away! The yak gores you!
You die...

#. #..#.#.#.#
#.#..YY #........#
#.#.#Y. #######
#......### #.#.#.Y
.......##......##
#.#.#..
#..........#
#.#.#.Y
##.#.......#
#.#.#..
#.#########
#†#.##. #.##.....#
##.#.##.
#.##.###@#
##..#.##. #.##.#
#Y# ##..##.##.
#..#.# #Y##
###..#......
##...#
#..####...#..####.
#####
##......##..## ##
######....##
######


You could see 2 yaks.

Vanquished Creatures
  4 yaks
  A water moccasin (D:6)
  A black bear (D:5)
  2 centaurs
  A bullfrog (D:5)
  A scorpion (D:2)
  A hound (D:6)
  An orc priest (D:4)
  3 gnoll boudas
  An iguana (D:5)
  4 orc wizards
  7 adders
  14 gnolls
  A shadow imp (D:6)
  A white imp (D:5)
  An ufetubus (D:3)
  2 worms (D:3)
  3 dart slugs
  17 orcs
  8 ball pythons
  9 bats
  9 endoplasms
  2 giant cockroaches
  11 goblins
  6 hobgoblins
  5 jackals
  6 kobolds
  3 quokkas
  3 frilled lizards
  A rat (D:1)
129 creatures vanquished.

Vanquished Creatures (others)
  37 plants (D:4)
37 creatures vanquished.

Grand Total: 166 creatures vanquished

Notes
Turn   | Place    | Note
-------+----------+-------------------------------------------
     0 | D:1      | avis the Demigod Hunter began the quest for the Orb.
     0 | D:1      | Reached XP level 1. HP: 17/17 MP: 3/3
   203 | D:1      | Reached skill level 4 in Ranged Weapons
   214 | D:1      | Reached XP level 2. HP: 24/24 MP: 4/4
   595 | D:1      | Reached XP level 3. HP: 29/29 MP: 5/5
   971 | D:2      | Reached skill level 1 in Stealth
  1275 | D:2      | Reached XP level 4. HP: 36/36 MP: 6/6
  1338 | D:2      | Reached skill level 5 in Ranged Weapons
  2496 | D:3      | Reached XP level 5. HP: 41/41 MP: 7/7
  3900 | D:4      | Reached skill level 6 in Ranged Weapons
  4471 | D:4      | Reached XP level 6. HP: 50/50 MP: 8/8
  4503 | D:4      | Found a staircase to the Ecumenical Temple.
  4713 | Temple   | Entered the Ecumenical Temple
  4813 | D:5      | Entered Level 5 of the Dungeon
  5251 | D:5      | Reached skill level 7 in Ranged Weapons
  5553 | D:5      | Reached XP level 7. HP: 57/57 MP: 9/9
  6615 | D:6      | Reached skill level 8 in Ranged Weapons
  6767 | D:6      | Noticed a yak
  6767 | D:6      | Noticed a yak
  6767 | D:6      | Noticed a yak
  6767 | D:6      | Noticed a yak
  6767 | D:6      | Noticed a yak
  6799 | D:5      | Killed a yak
  6800 | D:5      | Reached XP level 8. HP: 59/66 MP: 10/10
  6871 | D:5      | Reached skill level 9 in Ranged Weapons
  7209 | D:6      | HP: 3/66 [yak (12)]
  7214 | D:6      | Slain by a yak

Illustrated notes

Levels and vault maps discovered:
D:1:      erik_arrival_triangle_medium, layout_basic,
          hellmonk_ecumenical_altar_leap_of_faith
D:2:      layout_basic
D:3:      layout_basic, mainiacjoe_overflow_24_doors, kennysheep_minor_cross
D:4:      layout_loops_ring, minmay_temple_entry_enclosed_plants,
          serial_bayou_lagoon_a, corexii_item_surrounded_by_moat, minmay_unequal
D:5:      layout_loops_cross, minitemple
D:6:      layout_rooms, serial_co_window_serial, co_window_paths_b,
          co_window_corner_a, co_window_paths_a, co_window_corner_a,
          co_window_corner_a, co_window_cross_1, co_window_paths_a,
          co_window_paths_a, co_window_paths_b, co_window_corner_b,
          co_window_unsneaky_path_e, co_window_of_opportunity_b,
          co_window_corner_ca, co_window_unsneaky_path_d,
          co_window_of_opportunity_c, co_window_paths_e, glass_columns_c,
          glass_columns_b, glass_columns_a, nrook_loot_triangle
Temple:   nicolae_temple_bog_church

Skill      XL: |  1  2  3  4  5  6  7  8 |
---------------+-------------------------+-----
Fighting       | 2 3 4 |  4.0
Ranged Weapons | 4 5 6 7 8 9 |  9.5
Dodging        | 2 3 |  3.0
Stealth        | 1 2 3 |  3.0

Action                   |  1- 3 |  4- 6 |  7- 9 || total
-------------------------+-------+-------+-------++-------
Melee: Dagger            |       |    11 |     5 ||    16
       Falchion          |       |       |    13 ||    13
       Punch             |       |       |     2 ||     2
 Fire: Shortbow          |    84 |   198 |   125 ||   407
  Use: Potion            |       |     4 |     4 ||     8
       Scroll            |       |     1 |     2 ||     3
 Stab: Sleeping          |       |     5 |       ||     5
Armor: Leather armour    |     3 |    57 |    34 ||    94
Dodge: Dodged            |     9 |    74 |    59 ||   142
